[Event "Live Chess"]
[Site "Chess.com"]
[Date "2023.05.20"]
[Round "-"]
[White "Chris_pea"]
[Black "LodeshChess"]
[Result "0-1"]
[WhiteElo "610"]
[BlackElo "952"]
[TimeControl "300"]
[EndTime "11:02:11 PDT"]
[Termination "LodeshChess won by checkmate"]

1. e4 c6 2. Nc3 d5 3. d4 dxe4 4. Nxe4 Bf5 5. Ng3 Bg6 6. Bd3 Bxd3 7. Qxd3 Nf6 8. Bd2 e6 9. Nf3 Qb6 10. Bc3 Bb4 11. O-O O-O 12. Rab1 Nd5 13. a3 Nxc3 14.
bxc3 Qc7 15. cxb4 Nd7 16. Ne4 Nb6 17. Nc5 Nd5 18. Ne5 Rfd8 19. c4 Nf6 20. Nf3 b6 21. Na6 Qb7 22. b5 cxb5 23. cxb5 Rac8 24. Rfc1 Nd5 25.
Ng5 g6 26. Qh3 h5 27. Qf3 Rd7 28. Nb4 Nxb4 29. Rxb4 Rxc1+ 30. Qd1 Rxd1# 0-1

[Event "Live Chess"]
[Site "Chess.com"]
[Date "2023.05.20"]
[Round "-"]
[White "WelshTiger"]
[Black "Ninifu"]
[Result "1-0"]
[WhiteElo "2430"]
[BlackElo "1986"]
[TimeControl "300"]
[EndTime "11:02:11 PDT"]
[Termination "WelshTiger won by resignation"]

1. e4 d5 2. exd5 Nf6 3. c4 e6 4. d4 exd5 5. Nc3 Be7 6. Nf3 Nc6 7. cxd5 Nxd5 8. Bc4 Nb6 9. Be2 O-O 10. O-O Bf6 11.
Be3 Nd5 12. Nxd5 Qxd5 13. Rc1 Qxa2 14. d5 Ne5 15. Rxc7 Qxb2 16. Nd4 Qb4 17. Qc2 Bg4 18. f3 Bh5 19. Rb1 Qd6 20. Qc5 Qxc5 21. Rxc5 b6 22. Rc7 Bg6 23. Rb3 Rfd8 24. f4 Rxd5 25. fxe5 Bxe5 26.
Bf3 Rxd4 27. Bxd4 Bxc7 28. Bxa8 1-0

[Event "Live Chess"]
[Site "Chess.com"]
[Date "2023.05.20"]
[Round "-"]
[White "MarkLim1"]
[Black "profpirate4"]
[Result "1-0"]
[WhiteElo "1611"]
[BlackElo "1016"]
[TimeControl "300"]
[EndTime "11:02:19 PDT"]
[Termination "MarkLim1 won by resignation"]

1. d4 f5 2. Nf3 e6 3. e3 Nf6 4.
Be2 b6 5. O-O Bb7 6. c4 Bd6 7.
Nc3 O-O 8. b3 Ne4 9. Nxe4 fxe4 10. Nd2 Qh4 11. g3 Qd8 12. Qc2 Qe8 13. Nxe4 Be7 14.
Bb2 d5 15. cxd5 Bxd5 16. Nd2 Nd7 17. Qxc7 Rc8 18. Qxa7 Rc2 19. Bf3 Rxb2 20. Bxd5 Rxd2 21. Bxe6+ Kh8 22. Bxd7 Qg6 23. Bh3 Bh4 24. Bg2 Qc2 25.
Rac1 Qb2 26. Qxb6 Rdxf2 27. Qc6 Bg5 28. h4 Bxe3 29. Kh1 Bxc1 30. Rxc1 Qxc1+ 31. Qxc1 Rxa2 32. b4 Re8 33. b5 Rae2 34. Qc6 Re1+ 35. Kh2 R1e6 36.
Qc4 R6e7 37. b6 Rb8 38. b7 Rf7 39. Qxf7 1-0

[Event "Live Chess"]
[Site "Chess.com"]
[Date "2023.05.20"]
[Round "-"]
[White "ViktorTheCoolBoy"]
[Black "WilliamofOrange16th"]
[Result "1-0"]
[WhiteElo "2543"]
[BlackElo "1879"]
[TimeControl "300"]
[EndTime "11:02:22 PDT"]
[Termination "ViktorTheCoolBoy won by resignation"]

1. Nf3 d6 2. b3 Nf6 3. d4 Nbd7 4. Bb2 e6 5. g3 Be7 6. Bg2 O-O 7. O-O c6 8. Nbd2 d5 9. Re1 Qc7 10.
Rc1 b5 11. c4 bxc4 12. bxc4 Qb8 13. Qc2 Re8 14. Rb1 Qc7 15. e4 dxe4 16. Nxe4 Nxe4 17. Rxe4 Nf6 18. Re2 Bb7 19. Ne5 Rad8 20. Ba1 Ba8 21. Qa4 Rc8 22. Bc3 Nd7 23. Ba5 Nb6 24. Qc2 f6 25. Nd3 Qd7 26. Nc5 Bxc5 27. dxc5 Nd5 28. cxd5 exd5 29. Rbe1 Bb7 30. Bc3 Ba6 31. Rxe8+ Rxe8 32.
Rxe8+ Qxe8 33. Bf1 Bc8 34. Qe2 Qd8 35. h4 Kf7 36.
Qh5+ Kf8 1-0

[Event "Live Chess"]
[Site "Chess.com"]
[Date "2023.05.20"]
[Round "-"]
[White "toog"]
[Black "JoshMcK"]
[Result "1-0"]
[WhiteElo "2642"]
[BlackElo "1535"]
[TimeControl "300"]
[EndTime "11:02:40 PDT"]
[Termination "toog won by resignation"]

1. b4 Nf6 2. Bb2 Nc6 3. b5 Na5 4. e3 c6 5. a4 cxb5 6. axb5 e6 7. Nf3 Be7 8. Be2 O-O 9. O-O a6 10. bxa6 bxa6 11. Na3 Nc6 12. Nc4 d5 13. Nce5 Nxe5 14. Nxe5 Nd7 15. Nc6 Qe8 16. Nxe7+ Qxe7 17. Ba3 Qe8 18.
Bxf8 Nxf8 19. d4 Nd7 20. c4 dxc4 21. Bxc4 Nb6 22. Bd3 Nd5 23. Qe2 Qc6 24. Rfc1 Qb7 25. Rab1 Qd7 26. Be4 f5 27. Bxd5 exd5 28. Qh5 g6 29.
Qg5 Bb7 30. Qf6 Rf8 31. Qe5 Bc6 32. Rb6 Bb5 33. Rc7 1-0

[Event "Live Chess"]
[Site "Chess.com"]
[Date "2023.05.20"]
[Round "-"]
[White "Vladyslav2008"]
[Black "JoeyCage"]
[Result "0-1"]
[WhiteElo "2173"]
[BlackElo "2305"]
[TimeControl "300"]
[EndTime "11:02:40 PDT"]
[Termination "JoeyCage won by resignation"]

1. d4 g6 2. c4 Bg7 3. Nc3 d6 4. Nf3 Nc6 5. e4 Bg4 6. d5 Nd4 7. Be3 Bxf3 8. gxf3 c5 9. dxc6 Nxc6 10. Qd2 Nf6 11. Be2 Qa5 12. f4 Rd8 13. Bf3 h5 14.
Rg1 Ng4 15. Bxg4 hxg4 16. Rxg4 Rxh2 17. O-O-O Nb4 18. e5 Nxa2+ 19. Nxa2 Qxa2 20. e6 Qxc4+ 21. Kb1 Qxe6 0-1

[Event "Live Chess"]
[Site "Chess.com"]
[Date "2023.05.20"]
[Round "-"]
[White "Singapourfeuj"]
[Black "18Ziyad"]
[Result "1-0"]
[WhiteElo "2238"]
[BlackElo "954"]
[TimeControl "300"]
[EndTime "11:02:48 PDT"]
[Termination "Singapourfeuj won by resignation"]

1. d4 d5 2. c4 Nf6 3. cxd5 Nxd5 4. e4 Nf6 5. Nc3 e6 6. Be2 Bb4 7. Be3 b6 8. e5 Nfd7 9. Nf3 Bb7 10. O-O O-O 11.
a3 Bxc3 12. bxc3 Nc6 13. Bd3 f6 14. exf6 Nxf6 15. Bg5 h6 16. Bh4 Qd6 17. Re1 Ng4 18. Bg3 Qd7 19. Qe2 Rae8 20. Rad1 Nf6 21. Bb1 Nd5 22. Qd3 Nf6 23. c4 Rf7 24. d5 exd5 25.
cxd5 Ne7 26. Ne5 Qa4 27. Nxf7 Kxf7 28. d6 cxd6 29. Qxd6 Qc6 30. Ba2+ Kf8 31. Qxc6 Bxc6 32. Bd6 Nd5 33. Bxd5 Bxd5 34. Rxe7 Rd8 35. Rd7+ Ke8 36. Rxd8+ Kxd8 37. Rxd5 1-0

[Event "Live Chess"]
[Site "Chess.com"]
[Date "2023.05.20"]
[Round "-"]
[White "diana21strabt"]
[Black "Jeffaroow"]
[Result "1-0"]
[WhiteElo "1709"]
[BlackElo "461"]
[TimeControl "300"]
[EndTime "11:03:01 PDT"]
[Termination "diana21strabt won by resignation"]

1. e4 e5 2. Nf3 Nc6 3. d4 exd4 4. Bc4 Qf6 5. O-O Bd6 6. Re1 Bf4 7. Bxf4 Qxf4 8. Nxd4 Nxd4 9. Qxd4 Nf6 10. Nc3 O-O 11. Rad1 Re8 12. e5 Rxe5 13. Qxf4 1-0

[Event "Live Chess"]
[Site "Chess.com"]
[Date "2023.05.20"]
[Round "-"]
[White "CeladonFish"]
[Black "alanmike75"]
[Result "0-1"]
[WhiteElo "1038"]
[BlackElo "1506"]
[TimeControl "300"]
[EndTime "11:03:06 PDT"]
[Termination "alanmike75 won by checkmate"]

1. d4 d5 2. c4 c6 3. Nc3 Nf6 4. Bf4 e6 5. Nf3 Bd6 6. Bxd6 Qxd6 7. Qc2 Nbd7 8. cxd5 exd5 9. e4 dxe4 10. Nxe4 Nxe4 11. Qxe4+ Qe7 12. Qxe7+ Kxe7 13. Be2 Nf6 14. O-O Be6 15. b3 Rhd8 16. Rfd1 Kf8 17. Ne5 Nd5 18. Rd2 f6 19. Nc4 Rd7 20. Kf1 Rad8 21. Rc1 Nf4 22. g3 Nxe2 23.
Rxe2 Bxc4 24. bxc4 Rxd4 25. Kg2 R8d7 26. Rcc2 b6 27.
Kf3 c5 28. Re4 Kf7 29. a4 g6 30. Rxd4 Rxd4 31. Rc3 f5 32. Ke3 Kf6 33. f4 h6 34.
h3 g5 35. fxg5+ hxg5 36. Kf3 f4 37. gxf4 Rxf4+ 38. Kg3 Kf5 39. Rf3 Ke4 40. Rxf4+ gxf4+ 41. Kg4 Ke3 42. h4 f3 43. h5 f2 44. h6 f1=Q 45. h7 Qh1 46. a5 Qxh7 47. axb6 axb6 48.
Kg5 Qe4 49. Kf6 Qxc4 50. Kg5 b5 51. Kh5 b4 52. Kg5 b3 53. Kf5 b2 54. Kf6 b1=Q 55. Kg5 Qg1+ 56. Kf6 Qf4+ 57. Ke6 Kd3 58. Kd5 c4 59. Kc6 Qf6+ 60. Kb5 Qgg5+ 61. Kb4 Qb6+ 62. Ka3 Qga5# 0-1

[Event "Live Chess"]
[Site "Chess.com"]
[Date "2023.05.20"]
[Round "-"]
[White "wadsy27"]
[Black "flyingpuffins"]
[Result "1-0"]
[WhiteElo "2588"]
[BlackElo "1982"]
[TimeControl "300"]
[EndTime "11:03:11 PDT"]
[Termination "wadsy27 won by resignation"]

1. c4 c6 2. Nf3 Nf6 3. g3 d5 4. Bg2 g6 5. b3 Bg7 6. Bb2 O-O 7. O-O b6 8. d4 Nbd7 9. Nc3 Ba6 10.
Nd2 e6 11. e4 Rc8 12. Re1 dxe4 13. Ndxe4 Nxe4 14. Nxe4 c5 15. Rb1 cxd4 16. Bxd4 Nc5 17.
Nxc5 bxc5 18. Bxg7 Kxg7 19. Qe2 Qa5 20. h4 Rfd8 21. h5 gxh5 22. Qxh5 Rd2 23. Re4 Qxa2 24. Rg4+ Kf8 25. Qxh7 Rxf2 26. Rg8+ Ke7 27. Qh4+ Kd7 28. Rd1+ Rd2 29. Rxd2+ Qxd2 30. Rg7 Ke8 31. Kh2 Qd4 32.
Qh7 Rc7 33. Qg8+ Ke7 34. Qxf7+ 1-0

[Event "Live Chess"]
[Site "Chess.com"]
[Date "2023.05.20"]
[Round "-"]
[White "Lewstar1"]
[Black "raminguy"]
[Result "0-1"]
[WhiteElo "454"]
[BlackElo "1985"]
[TimeControl "300"]
[EndTime "11:03:13 PDT"]
[Termination "raminguy won by checkmate"]

1. e4 e5 2. Nc3 Nc6 3. Bc4 Nf6 4. d3 Na5 5. f4 Nxc4 6. dxc4 Bb4 7. fxe5 Nxe4 8. Bd2 Nxd2 9. Qxd2 Qh4+ 10. g3 Bxc3 11. Qxc3 Qe4+ 12. Kd2 Qxh1 13. Qe3 Qxh2+ 14. Ne2 O-O 15.
g4 d6 16. exd6 Qxd6+ 17. Nd4 c5 18. c3 cxd4 19. cxd4 Rd8 20. Kc3 Bxg4 21. Rg1 Be6 22. Qg5 Qxd4+ 23. Kb4 a5+ 24. Kb3 Qxc4+ 25. Ka3 Qb4# 0-1

[Event "Live Chess"]
[Site "Chess.com"]
[Date "2023.05.20"]
[Round "-"]
[White "jagbama"]
[Black "Hacker_2009"]
[Result "0-1"]
[WhiteElo "1138"]
[BlackElo "1928"]
[TimeControl "300"]
[EndTime "11:03:19 PDT"]
[Termination "Hacker_2009 won by resignation"]

1. e4 c5 2. Bc4 d6 3. Nc3 Nf6 4.
d3 Nc6 5. Nf3 e6 6. O-O Be7 7.
e5 dxe5 8. Bb5 Bd7 9. Bxc6 Bxc6 10. Nxe5 Qc7 11. Bf4 Qc8 12. Nb5 Bxb5 13. c4 Bc6 14.
a4 O-O 15. Ng4 Nxg4 16. Qxg4 Kh8 17. Be5 Bf6 18. Bxf6 gxf6 19. h4 Rg8 20. Qh3 Rxg2+ 21. Qxg2 Bxg2 22. Kxg2 Qc6+ 23. Kh2 Rg8 24. Rg1 Qf3 25.
Raf1 Qf4+ 26. Kh3 Qf5+ 27. Kh2 Qxd3 28. Rxg8+ Kxg8 29. Rg1+ Kf8 30. h5 Qxc4 31. h6 Qh4+ 32. Kg2 Qxh6 33. Kf1 Qc1+ 34. Kg2 Qxb2 35. Rh1 Qc2 36.
a5 Qe4+ 37. Kg1 Qxh1+ 38. Kxh1 c4 0-1

[Event "Live Chess"]
[Site "Chess.com"]
[Date "2023.05.20"]
[Round "-"]
[White "worldchessleaguelive"]
[Black "KeithArkell"]
[Result "0-1"]
[WhiteElo "1388"]
[BlackElo "2612"]
[TimeControl "300"]
[EndTime "11:03:20 PDT"]
[Termination "KeithArkell won by resignation"]

1. d4 e6 2. Bf4 Bd6 3. Bxd6 cxd6 4. Nf3 d5 5. e3 Nc6 6. Be2 Nf6 7. Nbd2 O-O 8. Rc1 d6 9. c4 dxc4 10. Nxc4 d5 11.
Nce5 Bd7 12. O-O Rc8 13. Bb5 Nxe5 14. Rxc8 Nxf3+ 15. gxf3 Qxc8 16. Bxd7 Qxd7 0-1

[Event "Live Chess"]
[Site "Chess.com"]
[Date "2023.05.20"]
[Round "-"]
[White "LiamClery2020"]
[Black "Supertromp"]
[Result "1/2-1/2"]
[WhiteElo "2087"]
[BlackElo "2181"]
[TimeControl "300"]
[EndTime "11:03:22 PDT"]
[Termination "Game drawn by repetition"]

1. e4 c5 2. Nf3 d6 3. Bb5+ Bd7 4.
Bxd7+ Qxd7 5. O-O Nc6 6. Re1 g6 7. c3 d5 8. e5 e6 9. d4 cxd4 10. cxd4 Bg7 11. Nc3 a6 12. Bg5 Nge7 13. Qd2 h6 14. Bf6 Bxf6 15. exf6 Nf5 16. Ne5 Qd8 17. Nxc6 bxc6 18. Qf4 Qxf6 19. g4 Qxd4 20. Ne4 dxe4 21. Rad1 Qf6 22. gxf5 gxf5 23. Qc7 O-O 24. Kh1 Rad8 25.
Rg1+ Kh7 26. Qxc6 Rxd1 27. Rxd1 Qxb2 28. Qd6 Qxf2 29. Qxf8 Qf3+ 30. Kg1 Qxd1+ 31. Kg2 Qe2+ 32. Kg1 Qe3+ 33. Kg2 Qf3+ 34. Kg1 Kg6 35. Qg8+ Kf6 36. Qd8+ Ke5 37. Qh8+ f6 38. Qb8+ Kd4 39. Qd6+ Ke3 40. Qa3+ Kf4 41. Qd6+ e5 42. Qxf6 e3 43. Qxh6+ Ke4 44.
Qc6+ Kf4 45. Qh6+ Kg4 46. Qg6+ Kh4 47. Qf6+ Kh5 48. Qf7+ Kg5 49. Qg7+ Kf4 50. Qh6+ 1/2-1/2

[Event "Live Chess"]
[Site "Chess.com"]
[Date "2023.05.20"]
[Round "-"]
[White "hturner40"]
[Black "NAZRIZ1977"]
[Result "1-0"]
[WhiteElo "1850"]
[BlackElo "2151"]
[TimeControl "300"]
[EndTime "11:03:26 PDT"]
[Termination "hturner40 won by resignation"]

1. Nc3 c5 2. Nf3 g6 3. d4 Bg7 4.
dxc5 Nf6 5. Be3 O-O 6. g4 Nxg4 7. Bd4 e5 8. Be3 Nxe3 9. fxe3 Na6 10. Qd6 Re8 11.
O-O-O Bf8 12. Qd5 Qe7 13. Nb5 Rb8 14. Nd6 1-0

[Event "Live Chess"]
[Site "Chess.com"]
[Date "2023.05.20"]
[Round "-"]
[White "Doge_Dandolo"]
[Black "CocheseUK"]
[Result "1-0"]
[WhiteElo "2122"]
[BlackElo "1163"]
[TimeControl "300"]
[EndTime "11:03:31 PDT"]
[Termination "Doge_Dandolo won by resignation"]

1. Nf3 d5 2. c4 dxc4 3. e3 Nc6 4. Bxc4 e5 5. d4 exd4 6. exd4 Nf6 7. Ng5 Qe7+ 8. Be3 Be6 9. Bxe6 fxe6 10. O-O O-O-O 11. Qa4 a6 12. Nc3 Nd5 13. Nxd5 exd5 14. Rac1 h6 15. Nf3 Qf6 16. Rc3 g5 17. Rfc1 Bd6 18. a3 Rhe8 19.
b4 Na7 20. Qb3 Nb5 21. R3c2 Re4 22. a4 Na7 23. b5 axb5 24. axb5 b6 25. Qa4 Kb8 26. Ra2 1-0

[Event "Live Chess"]
[Site "Chess.com"]
[Date "2023.05.20"]
[Round "-"]
[White "CheckThis4"]
[Black "AttackingSnowLeopard"]
[Result "1-0"]
[WhiteElo "2549"]
[BlackElo "2116"]
[TimeControl "300"]
[EndTime "11:03:33 PDT"]
[Termination "CheckThis4 won by resignation"]

1. d4 d5 2. c4 c6 3. Nc3 Nf6 4. Nf3 dxc4 5. a4 Bf5 6. e3 e6 7. Bxc4 Bb4 8. O-O Nbd7 9. Bd3 Bxd3 10. Qxd3 O-O 11. Rd1 Qe7 12. e4 e5 13. Bg5 exd4 14. Nxd4 Bxc3 15. bxc3 Qxe4 16. Qf1 Qg4 17. Be3 Nd5 18.
Bd2 N7f6 19. h3 Qg6 20. Rab1 Rab8 21. a5 Ne4 22. Qd3 Nxd2 23. Qxd2 a6 24. c4 Nf6 25. Nf3 h6 26. Qe3 Qe4 27. Qc3 Qe7 28. Re1 Qc7 29.
Nd4 Rfe8 30. Nf5 Rxe1+ 31. Rxe1 Qf4 32. Re5 Rd8 33. g3 Qf3 34. Qxf3 1-0

[Event "Live Chess"]
[Site "Chess.com"]
[Date "2023.05.20"]
[Round "-"]
[White "Bunny55"]
[Black "zdanevych"]
[Result "0-1"]
[WhiteElo "962"]
[BlackElo "1539"]
[TimeControl "300"]
[EndTime "11:03:35 PDT"]
[Termination "zdanevych won by resignation"]

1. e4 c5 2. Nf3 e6 3. d4 cxd4 4.
Nxd4 Nc6 5. Be3 e5 6. Nb5 a6 7. Nd6+ Bxd6 8. Qxd6 Nge7 9. Nc3 O-O 10. O-O-O b5 11. Qd2 d6 12. Bg5 f6 13. Bh4 Nd4 14.
f3 Be6 15. Nd5 Nxd5 16. exd5 Bxd5 17. Be2 Nxe2+ 18. Qxe2 Bc4 19. Qd2 a5 20. Qxd6 Qxd6 21. Rxd6 Bxa2 22. Rhd1 Bc4 23. Rd7 a4 24. Rb7 a3 25.
bxa3 Rxa3 26. Kb2 Ra2+ 27. Kb1 Rfa8 28. Rdd7 Ra1+ 29. Kb2 R8a2+ 30. Kc3 Ra3+ 31. Kd2 Rh1 32. Rxg7+ Kf8 33. Rbf7+ Bxf7 34. Bxf6 Rxh2 35. Bxe5 Ra6 36. Rg4 Rhh6 37. Bg7+ Ke8 38. Bxh6 Rxh6 39. Rg7 Bg6 40. Kc3 Rh5 41. Kb4 Kf8 42. Rb7 Bf7 43. Rxb5 Rxb5+ 44. Kxb5 Ke7 45. Kc6 Ke6 46. c4 Ke5 47. c5 Bd5+ 48. Kb6 Kf4 49. c6 Kg3 50. c7 Be6 51. Kb7 Kxg2 52. c8=Q Bxc8+ 53. Kxc8 Kxf3 54. Kd7 h5 55. Ke6 h4 56. Kf5 h3 0-1

[Event "Live Chess"]
[Site "Chess.com"]
[Date "2023.05.20"]
[Round "-"]
[White "mattihelenius2"]
[Black "Horseymobile"]
[Result "0-1"]
[WhiteElo "450"]
[BlackElo "1236"]
[TimeControl "300"]
[EndTime "11:03:36 PDT"]
[Termination "Horseymobile won by resignation"]

1. d4 Nf6 2. c4 g6 3. e3 Bg7 4. Qf3 O-O 5. Nd2 Nc6 6. b3 d6 7. Ne4 Bg4 8. Qf4 Nxe4 9. Qxe4 Bf5 10. Qf3 e5 11. d5 e4 12. Qf4 Bxa1 13. f3 Be5 14.
fxe4 Bxf4 15. exf4 0-1

[Event "Live Chess"]
[Site "Chess.com"]
[Date "2023.05.20"]
[Round "-"]
[White "GEMdzq"]
[Black "Salpingidis"]
[Result "1/2-1/2"]
[WhiteElo "2201"]
[BlackElo "2308"]
[TimeControl "300"]
[EndTime "11:03:41 PDT"]
[Termination "Game drawn by repetition"]

1. e4 e6 2. d4 d5 3. Nc3 dxe4 4.
Nxe4 Nd7 5. Nf3 Ngf6 6. Nxf6+ Nxf6 7. Bd3 Be7 8. Bg5 O-O 9. Bxf6 Bxf6 10. O-O b6 11. Qe2 Bb7 12. c3 c5 13. Rad1 Qc7 14. Be4 cxd4 15. Nxd4 Bxe4 16. Qxe4 Bxd4 17. Rxd4 Rad8 18.
Rfd1 h6 19. Qd3 Rxd4 20. Qxd4 Rc8 21. h3 Kf8 22. Qd7 a6 23. Rd6 Qxd7 24. Rxd7 Rc6 25. Kf1 Ke8 26. Ra7 b5 27. Ke2 Rd6 28. Rc7 g6 29. g4 Kf8 30. h4 g5 31. h5 Kg7 32.
Ke3 Kf6 33. f3 e5 34. Ra7 Ke6 35. b3 f5 36. c4 bxc4 37. bxc4 fxg4 38. fxg4 Rc6 39.
Kd3 e4+ 40. Kd4 e3 41. Ra8 Kf7 42. Kxe3 Rxc4 43. Ra7+ Kg8 44. Rxa6 Rxg4 45. Rxh6 Ra4 46. Rg6+ Kh7 47. Rxg5 Rxa2 48. Rb5 Ra4 49. Kf3 Kh6 50. Kg3 Rc4 51. Kh3 Ra4 52. Kg3 Rc4 53. Kh3 Ra4 54. Kg3 1/2-1/2

[Event "Live Chess"]
[Site "Chess.com"]
[Date "2023.05.20"]
[Round "-"]
[White "PantherCal"]
[Black "alexlines8"]
[Result "0-1"]
[WhiteElo "1827"]
[BlackElo "1254"]
[TimeControl "300"]
[EndTime "11:03:41 PDT"]
[Termination "alexlines8 won by checkmate"]

1. e4 c6 2. d4 d5 3. exd5 cxd5 4. Bd3 Nc6 5. Nf3 Bg4 6. c3 Nf6 7. Bf4 e6 8. O-O Bd6 9. Bg3 Bxg3 10. hxg3 Qd7 11. Nbd2 Qc7 12. Qc2 O-O-O 13. a4 h5 14.
b4 h4 15. Nxh4 g5 16. b5 gxh4 17. bxc6 hxg3 18. cxb7+ Kb8 19. c4 gxf2+ 20. Kxf2 Qf4+ 21. Nf3 Bxf3 22. gxf3 Rh2+ 23. Ke1 Rxc2 24. Bxc2 Qe3+ 25. Kd1 Qxd4+ 26. Ke2 Qxc4+ 27. Bd3 Qd4 28. Rac1 Rh8 29. Rh1 Qb2+ 30. Ke3 d4+ 31. Kf4 Qd2+ 32. Ke5 Qg5+ 33. Kd6 Qd5+ 34. Ke7 Qd8+ 35. Kxf7 Rf8+ 36. Kxe6 Qd5+ 37.
Ke7 Rf7# 0-1

[Event "Live Chess"]
[Site "Chess.com"]
[Date "2023.05.20"]
[Round "-"]
[White "EdenHazard8"]
[Black "GMHarry-youtube"]
[Result "1/2-1/2"]
[WhiteElo "2108"]
[BlackElo "2127"]
[TimeControl "300"]
[EndTime "11:03:43 PDT"]
[Termination "Game drawn by repetition"]

1. e4 c5 2. Nc3 d6 3. f4 Nf6 4. Nf3 Nc6 5. Bb5 Bd7 6. Bxc6 Bxc6 7. d3 g6 8. O-O Bg7 9. Qe1 e6 10. Qh4 Nd7 11. Qh3 b5 12. f5 Qe7 13. Ng5 h6 14.
fxe6 hxg5 15. exd7+ Bxd7 16. Qf3 Bd4+ 17. Be3 Bxe3+ 18.
Qxe3 O-O-O 19. Nd5 Qe5 20. g3 Rh3 21. Rxf7 Rdh8 22. Ne7+ Kd8 23. Nxg6 Qxb2 24. Qxg5+ Kc7 25. Raf1 Qxc2 26. R7f2 Qxd3 27. Nxh8 Rxh8 28. Qg7 Re8 29. Rf7 Qe3+ 30. R1f2 Qe1+ 31. Rf1 Qe3+ 32. R1f2 Qe1+ 33.
Rf1 Qe3+ 1/2-1/2

[Event "Live Chess"]
[Site "Chess.com"]
[Date "2023.05.20"]
[Round "-"]
[White "laki79"]
[Black "BogdanBeleiUkraine"]
[Result "1-0"]
[WhiteElo "2303"]
[BlackElo "1174"]
[TimeControl "300"]
[EndTime "11:03:47 PDT"]
[Termination "laki79 won by resignation"]

1. d4 d5 2. c4 Nf6 3. cxd5 Nxd5 4. e4 Nb6 5. Nc3 Nc6 6. Be3 Bd7 7. Nf3 e6 8. Be2 Bb4 9. O-O O-O 10. Rc1 Qe7 11. a3 Bxc3 12. Rxc3 Rad8 13. Qc2 e5 14. d5 Nd4 15. Nxd4 exd4 16. Bxd4 c6 17. Bc5 1-0

[Event "Live Chess"]
[Site "Chess.com"]
[Date "2023.05.20"]
[Round "-"]
[White "luckywookie"]
[Black "1600x"]
[Result "0-1"]
[WhiteElo "729"]
[BlackElo "1565"]
[TimeControl "300"]
[EndTime "11:03:59 PDT"]
[Termination "1600x won by checkmate"]

1. e4 e5 2. Nc3 Nc6 3. d3 b6 4.
Nf3 Nf6 5. h3 d5 6. Bg5 Bb4 7.
exd5 Ne7 8. Bxf6 gxf6 9. Be2 Nxd5 10. O-O Bxc3 11. bxc3 Nf4 12. d4 Rg8 13. Bb5+ Bd7 14. a4 Bxb5 15. axb5 Rxg2+ 16. Kh1 Qd7 17. dxe5 Qxh3+ 18. Nh2 Qxh2# 0-1

[Event "Live Chess"]
[Site "Chess.com"]
[Date "2023.05.20"]
[Round "-"]
[White "Davidagye"]
[Black "Missedidea"]
[Result "1-0"]
[WhiteElo "1664"]
[BlackElo "1611"]
[TimeControl "300"]
[EndTime "11:04:00 PDT"]
[Termination "Davidagye won on time"]

1. b4 Nf6 2. Bb2 e6 3. a3 d5 4. e3 a5 5. b5 c6 6. f3 Be7 7. c4 O-O 8. d4 Nbd7 9. Nd2 Ne8 10. Bd3 f6 11. f4 Qc7 12. Ngf3 b6 13. bxc6 Qxc6 14. Rc1 Qb7 15. h4 h6 16. g4 Nd6 17. g5 Ne4 18. Qc2 f5 19. gxh6 gxh6 20. Rg1+ Kh7 21. cxd5 exd5 22. Ne5 Ndf6 23. Qc7 Ra7 24.
Qxb7 Rxb7 25. Ba6 Rb8 26. Bxc8 Rbxc8 27. Ng6 Rfe8 28. Rxc8 Rxc8 29. Nxe7 Rc2 30. Nxe4 fxe4 31. Ba1 h5 32. Nf5 Ng4 33. Kd1 Ra2 34. Bc3 Rxa3 35.
Kd2 b5 36. Bb2 Ra2 37. Kc2 a4 38. Rc1 b4 39. Kb1 b3 40. Rc3 a3 41. Rxb3 Rxb2+ 42. Rxb2 axb2 43. Kxb2 Kg8 44. Kc3 Kf7 45. Kb4 Ke6 46.
Ng7+ Kd6 47. Nxh5 Nxe3 48. f5 Ng4 49. f6 e3 50. Kc3 Ke6 51. Nf4+ Kxf6 52. Nxd5+ Ke6 53.
Nf4+ Kd6 54. Kd3 Ke7 55. Nd5+ Kd6 56. Nxe3 Nf6 57. Kc4 Nh5 58. d5 Nf6 59. Nf5+ Kd7 60. Kd4 Ng4 61. h5 Nf6 62. h6 Nh7 63. Ke5 Nf8 64.
Ng7 Nh7 65. Ne6 Ke7 66. d6+ Kd7 67. Nc5+ Ke8 68. d7+ 1-0

[Event "Live Chess"]
[Site "Chess.com"]
[Date "2023.05.20"]
[Round "-"]
[White "AyannaTang"]
[Black "FlyingChessKestrel13"]
[Result "0-1"]
[WhiteElo "176"]
[BlackElo "2139"]
[TimeControl "300"]
[EndTime "11:04:02 PDT"]
[Termination "FlyingChessKestrel13 won by checkmate"]

1. e4 c5 2. Bc4 e6 3. d4 d5 4.
exd5 exd5 5. Bb5+ Nc6 6. Bxc6+ bxc6 7. dxc5 Bxc5 8. h4 Nf6 9. Bg5 O-O 10. Bxf6 Qxf6 11.
Nf3 Qxb2 12. Nbd2 Re8+ 13. Kf1 Ba6+ 14. Kg1 Be2 15. Qe1 Bxf3 16. gxf3 Rxe1+ 17. Nf1 Qxa1 18. Rh3 Rxf1+ 19. Kg2 Rxf2+ 20. Kg3 Qg1+ 21. Kf4 Re8 22. Rg3 Bd6+ 23. Kg4 Qxg3+ 24. Kf5 g6+ 25. Kf6 Qe5# 0-1

[Event "Live Chess"]
[Site "Chess.com"]
[Date "2023.05.20"]
[Round "-"]
[White "Andysav3"]
[Black "BillythekidFellowes"]
[Result "0-1"]
[WhiteElo "1692"]
[BlackElo "2000"]
[TimeControl "300"]
[EndTime "11:04:11 PDT"]
[Termination "BillythekidFellowes won on time"]

1. e4 Nc6 2. Nf3 d6 3. d4 Nf6 4. Nc3 g6 5. Bc4 Bg7 6. O-O O-O 7. h3 Nxe4 8. Bxf7+ Rxf7 9. Nxe4 Qf8 10. Nfg5 Rf5 11. c3 h6 12. d5 Ne5 13. Ne6 Bxe6 14.
dxe6 Rh5 15. f4 Nc6 16. Be3 Nd8 17. Qf3 Nxe6 18. g4 Rb5 19. b4 Kh7 20. a4 Rd5 21. Nf6+ Qxf6 22. Qxd5 c6 23. Qd3 Rf8 24. Rac1 b6 25.
c4 Qh4 26. Kh2 Nc7 27. a5 c5 28. axb6 axb6 29. b5 Ne8 30. Rce1 e5 31. f5 e4 32. Qxe4 Be5+ 33. Bf4 Nf6 34. fxg6+ Kg7 35. Bxe5 dxe5 36. Qxe5 Kxg6 37. Qf5+ Kg7 38. Re7+ Rf7 0-1

[Event "Live Chess"]
[Site "Chess.com"]
[Date "2023.05.20"]
[Round "-"]
[White "MrDodgy"]
[Black "JanMur7"]
[Result "0-1"]
[WhiteElo "2316"]
[BlackElo "1973"]
[TimeControl "300"]
[EndTime "11:04:17 PDT"]
[Termination "JanMur7 won on time"]

1. c4 c5 2. g3 g6 3. Bg2 Bg7 4. Nc3 Nc6 5. Nf3 e6 6. e3 Nge7 7. d4 cxd4 8. exd4 d5 9. c5 O-O 10. O-O b6 11. cxb6 Qxb6 12. Na4 Qc7 13. Bf4 Qa5 14. Rc1 Ba6 15. Re1 Rac8 16. Nc5 Nxd4 17. Nxd4 Rxc5 18. Rxc5 Qxc5 19. Nb3 Qc8 20. Bd6 Qd7 21.
Be5 Bxe5 22. Rxe5 Qd6 23. Re3 Bc4 24. Rc3 Bxb3 25. Qxb3 Rb8 26. Qc2 Qb6 27. b3 Nf5 28. h4 h5 29. Qd1 Qd4 30. Rd3 Qc5 31. Bf3 Rc8 32. Kg2 Qc1 33. Qe2 Qa1 34. Bxh5 Rc1 35. Bxg6 Rg1+ 36. Kf3 Nd4+ 37. Rxd4 Qxd4 38. Bd3 Qf6+ 39.
Kg4 Qg7+ 40. Kh3 Rh1+ 41. Kg2 Rc1 42. Qf3 Rc3 43. Qe2 Rc8 44. Bb5 Rf8 45. Ba4 Rd8 46. h5 Qf6 47. Qg4+ Qg7 48. Qh3 Rf8 49. h6 Qh7 50. g4 Kh8 51. f3 Qg6 52. Qg3 Qg5 53. Qe5+ Qxe5 54. Kh3 Qe2 55. Kh4 Rc8 56. g5 Rc2 57. g6 Qh2+ 58. Kg5 Qg2+ 59. Kf6 Re2 60. Ke7 Re5 61. g7+ Qxg7 62. h7 Qxh7 63. Kd6 Qg6 64. Kc5 Qf6 65. Kb4 Re4+ 66. Ka3 Rc4 67. bxc4 Qf5 68. Kb4 Qc2 69. Kc5 Qxa2 70. Kd6 d4 71. Ke7 d3 0-1

[Event "Live Chess"]
[Site "Chess.com"]
[Date "2023.05.20"]
[Round "-"]
[White "Leonid_Starozhilov"]
[Black "birdseed45"]
[Result "1-0"]
[WhiteElo "2644"]
[BlackElo "1866"]
[TimeControl "300"]
[EndTime "11:04:21 PDT"]
[Termination "Leonid_Starozhilov won by resignation"]

1. e4 c5 2. Nf3 Nc6 3. d4 cxd4 4. Nxd4 e5 5. Nb5 d6 6. c4 a6 7.
N5c3 Nf6 8. Be2 Be7 9. Be3 O-O 10. O-O Be6 11. Nd2 Rb8 12. a4 Na5 13. b3 Nc6 14. Nd5 Bxd5 15. cxd5 Nd4 16. Bd3 Rc8 17. Nc4 b5 18. axb5 axb5 19. Na5 Qd7 20. Bxd4 exd4 21.
Nc6 Ng4 22. Nxe7+ Qxe7 23. Qxg4 Rc3 24. Qe2 Rxb3 25. Rab1 Rc3 26. Rxb5 Rfc8 27. g3 Qf6 28. Rfb1 h5 29. Rb8 h4 30. Qg4 Rc1+ 31. Rxc1 Rxb8 32. Rc8+ Rxc8 33. Qxc8+ Kh7 34. e5+ 1-0